AoeStats
← evrenos

Black Forest

504306784Analyzed
2v2 RM · 27d ago on Sep 4, 2026· 33m 6s· 4 players
Game mode
Random Map
Map size
Medium (4 player)
Population
200
Speed
Normal
Resources
Standard
Victory
Conquest
Starting age
Dark Age
Ending age
Imperial Age
RankedLock teamsTeams togetherTeam positionsShared explorationLock speedFull tech treeHidden civsTurbo modeCheats
Victory
Defeat
🇹🇷 Lithuanians · Türkiye
1098
+16
🇹🇷 Turks · Türkiye
1047
+18
🇲🇽 Koreans · Mexico
1153
-19
🇲🇽 Franks · Mexico
1040
-15
evrenos
0:50 Loom
10:09 Feudal Age
15:37 Castle Age
14:04 Double-Bit Axe
14:58 Horse Collar
32:22 Imperial Age
30:08 Scale Barding Armor
32:00 Forging
32:11 Chain Barding Armor
32:03 Gold Mining
32:03 Stone Mining
32:46 Bow Saw
34:06 Wheelbarrow
34:14 Iron Casting
braveheart
0:48 Loom
12:50 Feudal Age
13:15 Double-Bit Axe
21:08 Castle Age
19:27 Horse Collar
32:14 Heavy Plow
SoyKevinCoss
6:31 Loom
12:51 Feudal Age
13:21 Town Watch
14:00 Double-Bit Axe
21:16 Castle Age
19:37 Gold Mining
23:08 Bow Saw
25:43 Wheelbarrow
26:20 Forging
26:16 Scale Barding Armor
28:58 Fortified Wall
29:21 Husbandry
29:43 Chain Barding Armor
34:53 Imperial Age
33:09 Iron Casting
34:06 Gold Shaft Mining
bayruZ
3:42 Loom
10:54 Feudal Age
15:49 Castle Age
14:42 Double-Bit Axe
15:49 Fletching
17:23 Bow Saw
20:53 Crossbowman
25:28 Wheelbarrow
24:39 Town Watch
26:10 Horse Collar
27:46 Bodkin Arrow
Connection lost

Rejoining the realm…

Still unreachable

The connection could not be restored.

Session expired

The server has moved on; the page needs a fresh start.